 Dungeon Crawl Stone Soup version 0.28.0-43-g3370ac3207 (webtiles) character file.

Game seed: 2911782353750376785

254 styxcanada the Covert (level 5, 0/26 HPs)
             Began as a Spriggan Brigand on Mar 24, 2022.
             Slain by a black bear (6 damage)
             ... on level 4 of the Dungeon.
             The game lasted 00:11:11 (3397 turns).

styxcanada the Covert (Spriggan Brigand)            Turns: 3397, Time: 00:11:15

Health: 0/26       AC:  4    Str:  7    XL:     5   Next: 90%
Magic:  6/6        EV: 18    Int: 13    God:
Gold:   98         SH:  0    Dex: 18    Spells: 4/4 levels left

rFire   . . .      SeeInvis +   h - +3 short sword (holy)
rCold   . . .      Faith    .   (no shield)
rNeg    . . .      Spirit   .   b - +0 robe
rPois   .          Reflect  .   (helmet restricted)
rElec   .          Harm     .   c - +1 cloak
rCorr   .          Rampage  .   (gloves unavailable)
Will    .....                   (boots unavailable)
Stlth   ++++......              n - amulet of regeneration
HPRegen 0.88/turn               (no ring)
MPRegen 0.10/turn               (no ring)

@: very quick
A: very small, no large weapons, unfitting armour, see invisible, speed 3
a: no special abilities


You were on level 4 of the Dungeon.
You visited 1 branch of the dungeon, and saw 4 of its levels.

You collected 98 gold pieces.

Inventory:

Hand Weapons
 a - a +2 dagger
 h - a +3 short sword of holy wrath (weapon)
 i - a +0 hunting sling
 q - a +0 dagger of venom
Missiles
 d - 9 poisoned darts (quivered)
 e - 2 curare-tipped darts
 f - 124 stones
 k - 9 boomerangs
 m - 7 sling bullets
Armour
 b - a +0 robe (worn)
 c - a +1 cloak (worn)
Jewellery
 n - an amulet of regeneration (around neck)
 p - an amulet of faith
Scrolls
 g - a scroll of teleportation
 o - a scroll of blinking {unknown}
Potions
 j - 3 potions of curing
 l - a potion of mutation {unknown}
 r - a potion of resistance
 s - a potion of ambrosia


   Skills:
 * Level 2.3 Fighting
 + Level 3.3 Short Blades
 + Level 2.6 Throwing
 * Level 3.2 Dodging
 * Level 8.6 Stealth


You had 4 spell levels left.
You didn't know any spells.
Your spell library contained the following spells:

 Spells                   Type           Power      Damage    Failure   Level
 Confusing Touch          Hex            0%         N/A       67%         3
 Yara's Violent Unravell  Hex/Tmut       0%         3d3       100%        5
 Enfeeble                 Hex            0%         N/A       100%        7


Dungeon Overview and Level Annotations

Branches:
Dungeon (4/15)
 Temple: D:4-7

Altars:
Qazlal

Shops:
D:3 ?


Innate Abilities, Weirdness & Mutations

You are very small and have problems with some larger weapons.
You are too small for most types of armour.
You have supernaturally acute eyesight. (SInv)
You cover ground extremely quickly. (Speed+++)


Message History

Found a plate armour.
You see here 14 gold pieces.
You see here a +0 plate armour.
The black bear growls angrily.
You hear an angry hiss.
The black bear misses you.
The black bear claws you but does no damage.
The black bear completely misses you.
You hit the black bear but do no damage.
An adder comes into view.
The black bear misses you.
The black bear claws you but does no damage.
The black bear completely misses you. The adder bites you.
You are poisoned.
The adder poisons you!
You see here a +0 plate armour.
You hit the adder.
The adder is moderately wounded.
You feel sick. The adder barely misses you.
You hit the adder.
The adder is heavily wounded.
You feel sick. The adder misses you. The black bear bites you!
The black bear claws you. x2
You completely miss the adder.
The adder is heavily wounded.
You feel sick. The adder bites you. The black bear barely misses you.
The black bear closely misses you. The black bear claws you.
You barely miss the adder.
The adder is heavily wounded.
You feel sick. The adder barely misses you. The black bear misses you.
The black bear barely misses you. The black bear claws you.
The adder completely misses you.
You barely miss the adder.
The adder is heavily wounded.
You feel sick.
You are no longer poisoned.
The adder bites you.
* * * LOW HITPOINT WARNING * * *
The black bear bites you.
You die...

#. #.# # #.# #.####.#
######....... ##.......
...#
###...###.####.######.####
...............S@h.....#.#
####..###.####.######..#.#
#..#..# #.# #.# #..#.#
#.....###.####.######..#.#
.#.#...................#.#
#+#.#.##.####.#.####..#.#
#....?.......># #..#.#
#.#..#.###..### #..#.#
#...........######..#.#


You could see a black bear and an adder.

Vanquished Creatures
  An ogre (D:4)
  A hound (D:2)
  Jessica (D:2)
  An orc wizard (D:4)
  An adder (D:3)
  A worm (D:3)
  A dart slug (D:3)
  8 orcs
  4 ball pythons
  3 endoplasms
  2 giant cockroaches
  6 goblins
  7 hobgoblins
  2 jackals (D:2)
  2 quokkas (D:1)
  11 bats
  A frilled lizard (D:1)
  8 kobolds
  8 rats
69 creatures vanquished.

Notes
Turn   | Place    | Note
-------+----------+-------------------------------------------
     0 | D:1      | styxcanada the Spriggan Brigand began the quest for the
                  | Orb.
     0 | D:1      | Reached XP level 1. HP: 10/10 MP: 2/2
    28 | D:1      | Reached skill level 6 in Stealth
   300 | D:1      | Reached XP level 2. HP: 8/14 MP: 3/3
   888 | D:1      | Found a faded altar of an unknown god.
  1194 | D:1      | Reached XP level 3. HP: 18/18 MP: 4/4
  1650 | D:2      | Reached skill level 7 in Stealth
  2028 | D:2      | Noticed Jessica
  2045 | D:2      | Reached XP level 4. HP: 18/23 MP: 5/5
  2053 | D:2      | Killed Jessica
  2349 | D:3      | Found Leavir's Magic Scroll Shop.
  3178 | D:4      | Found a stormy altar of Qazlal.
  3184 | D:4      | Noticed an ogre
  3187 | D:4      | Killed an ogre
  3188 | D:4      | Reached skill level 8 in Stealth
  3188 | D:4      | Reached XP level 5. HP: 26/26 MP: 6/6
  3385 | D:4      | Noticed a black bear
  3397 | D:4      | Slain by a black bear

Illustrated notes

Levels and vault maps discovered:
D:1:      lemuel_arrival_broad_hall, layout_basic,
          shapermc_ecumenical_altar_ellora, minmay_misc_feat_rugged
D:2:      layout_basic, minmay_tiny_reverse_x, uniq_jessica
D:3:      layout_loops_ring, serial_shops, nicolae_shop_stone
D:4:      minmay_razor_zed, layout_basic, kennysheep_mini_moat

Skill      XL: |  1  2  3  4 |
---------------+-------------+-----
Stealth        | 6 7 8 |  8.6
Dodging        | 2 3 |  3.2
Short Blades   | 3 |  3.3
Fighting       | 2 |  2.3
Throwing       | |  2.6

Action                   |  1- 3 |  4- 6 || total
-------------------------+-------+-------++-------
Melee: Dagger            |    19 |       ||    19
       Short sword       |    83 |    70 ||   153
       Punch             |       |     1 ||     1
Throw: Dart              |     5 |    27 ||    32
       Stone             |       |     2 ||     2
  Use: Scroll            |       |    10 ||    10
 Stab: Sleeping          |    15 |     8 ||    23
Armor: Robe              |    17 |     5 ||    22
Dodge: Dodged            |    55 |    41 ||    96
